 Dungeon Crawl Stone Soup version 0.18.1-8-gdd0e5ea (webtiles) character file.

1538 Lathuz the Cleaver (level 8, 63/63 (64) HPs)
             Began as a Minotaur Berserker on May 24, 2016.
             Was a Priest of Trog.
             Quit the game on level 7 of the Dungeon on May 25, 2016.
             The game lasted 00:09:25 (5426 turns).

Lathuz the Cleaver (Minotaur Berserker)             Turns: 5426, Time: 00:09:26

HP:   63/63 (64)    AC:  8    Str: 21    XL:     8   Next: 56%
MP:   7/7           EV:  8    Int:  4    God:    Trog [***...]
Gold: 350           SH:  0    Dex: 13    Spells: 0 memorised, 7 levels left

rFire  . . .     SeeInvis .     a - +0 hand axe
rCold  . . .     Gourm    .     B - +0 chain mail
rNeg   . . .     Faith    .     (no shield)
rPois  .         Spirit   .     (helmet restricted)
rElec  .         Dismiss  .     (no cloak)
rCorr  .         Reflect  .     (no gloves)
SustAt .         Harm     .     (no boots)
MR     .....                    (no amulet)
Stlth  ..........               (no ring)
                                (no ring)

@: not resistant to hostile enchantments, extremely unstealthy
A: retaliatory headbutt, horns 2
a: Berserk, Trog's Hand, Burn Spellbooks, Renounce Religion


You were on level 7 of the Dungeon.
You worshipped Trog.
Trog was most pleased with you.
You were not hungry.

You visited 1 branch of the dungeon, and saw 7 of its levels.

You collected 350 gold pieces.

Inventory:

Hand Weapons
 a - a +0 hand axe (weapon)
Missiles
 e - 304 stones (quivered)
 w - 10 silver tomahawks
Armour
 q - a +0 scale mail of poison resistance
 B - a +0 chain mail (worn)
Jewellery
 d - a +3 ring of strength {unknown}
 t - an uncursed amulet of magic regeneration {unknown}
 y - an uncursed ring of positive energy {unknown}
Wands
 A - a wand of confusion (15/48)
 H - a wand of flame (26/48)
Scrolls
 i - 2 scrolls of fear
 j - 3 scrolls of teleportation {unknown}
 k - 2 scrolls of amnesia {unknown}
 m - 4 scrolls of remove curse {unknown}
 r - 4 scrolls of identify
 s - 2 scrolls of recharging {unknown}
 v - a scroll of blinking {unknown}
 D - a scroll of fog {unknown}
Potions
 b - 2 potions of cure mutation {unknown}
 g - 2 potions of mutation {unknown}
 h - 3 potions of degeneration {unknown}
 l - a potion of resistance {unknown}
 n - 2 potions of heal wounds {unknown}
 u - a potion of magic {unknown}
 x - a potion of curing {unknown}
 z - a potion of might {unknown}
 E - a potion of brilliance {unknown}
 F - a potion of ambrosia {unknown}
Books
 C - a Necronomicon

   Spells                             Type                      Level
   a - Haunt                          Necromancy/Summoning         7
   b - Borgnjor's Revivification      Necromancy                   8
   c - Death's Door                   Charms/Necromancy            8
   d - Necromutation                  Transmutation/Necromancy     8
   Trog disapproves of the use of such an item.
Comestibles
 c - 7 bread rations
 f - 2 slices of pizza
 o - 8 fruits
 p - 4 meat rations
 G - 6 chunks of flesh


   Skills:
 - Level 3.6 Fighting
 + Level 12.9 Axes
 - Level 2.4 Armour
 - Level 2.1 Dodging


You had 7 spell levels left.
You didn't know any spells.

Dungeon Overview and Level Annotations

Branches:
Dungeon (7/15)             Temple (0/1) D:5

Altars:
Elyvilon
Makhleb
Okawaru
Pakellas
Qazlal
Trog
Yredelemnul

Shops:
D:6 *   D:7 }[

Annotations:
D:3 1 exclusion


Innate Abilities, Weirdness & Mutations

You reflexively headbutt those who attack you in melee.
You have a pair of horns on your head.


Message History

H - a wand of flame
Items here: ( )) † a short sword; a blowgun; 9 poisoned needles; a kobold corpse
e - 275 stones (gained 18)
e - 283 stones (gained 8)
You feel less exhausted.
e - 297 stones (gained 14)
e - 304 stones (gained 7)
You see here a large rock.
Key pressed, stopping explore.
You now have 350 gold pieces (gained 11).
Found a hand axe.
Found 15 sling bullets.
Found a stone staircase leading down.
You see here 15 sling bullets.
Saving game... please wait.
Welcome back, Lathuz the Minotaur Berserker.
Trog says: Kill them all!
Press ? for a list of commands and other information.
Are you sure you want to abandon this character and quit the game? (Confirm with "yes".)

#.....#.#.# #.........##
#.....#.#.# #...........
#.....#.#.# ##.........#
##.#...#.#.####.........#
#..........#............#
####...#.###......#.#.#..
......##.# #......#.#.#..
...#...#.# #......#.#....
#)..#.#.#@#
####...#.###.# ...
#.#...# #...#)....# ..
#.##..# #........## #..#
##.......# #..# #.......#
#..# #.......# #..#
######### ..>!


There were no monsters in sight!

Vanquished Creatures
  Grinder (D:5)
  Sigmund (D:3)
  A necrophage (D:6)
  An ice beast (D:4)
  An ogre (D:5)
  A phantom (D:5)
  2 centaurs
  A big kobold (D:7)
  A giant frog (D:6)
  A scorpion (D:4)
  A howler monkey (D:4)
  A jelly (D:5)
  A giant frog skeleton (D:4)
  An iguana (D:5)
  Jessica (D:3)
  Ijyb (D:3)
  Terence (D:3)
  An orc wizard (D:4)
  A worker ant (D:5)
  A hound skeleton (D:7)
  Robin (D:3)
  3 gnolls (D:3)
  9 adders
  An adder zombie (D:5)
  An adder skeleton (D:7)
  A worm (D:2)
  4 dart slugs
  4 giant geckos
  4 orcs
  5 bats
  6 giant cockroaches
  12 goblins
  12 hobgoblins
  A quokka (D:5)
  A ball python (D:1)
  2 giant gecko skeletons (D:5)
  6 giant newts
  A jackal zombie (D:6)
  15 kobolds
  5 rats
  A spectral orc (D:6)
116 creatures vanquished.

Notes
Turn   | Place    | Note
--------------------------------------------------------------
     0 | D:1      | Lathuz the Minotaur Berserker began the quest for the Orb.
     0 | D:1      | Reached XP level 1. HP: 19/19 MP: 0/0
    62 | D:1      | Reached skill level 4 in Axes
   117 | D:1      | Reached XP level 2. HP: 24/26 MP: 1/1
   473 | D:1      | Reached skill level 5 in Axes
   560 | D:1      | Reached XP level 3. HP: 31/31 MP: 2/2
   567 | D:1      | Reached ** piety under Trog
  1229 | D:2      | Found an oddly glowing altar of Pakellas.
  1349 | D:2      | Found a bloodstained altar of Trog.
  1351 | D:2      | Found an iron altar of Okawaru.
  1386 | D:2      | Reached XP level 4. HP: 35/39 MP: 3/3
  1408 | D:2      | Found a white marble altar of Elyvilon.
  1411 | D:2      | Reached skill level 6 in Axes
  1656 | D:3      | Noticed Sigmund
  1811 | D:3      | Noticed Jessica
  1817 | D:3      | Killed Jessica
  1817 | D:3      | Reached skill level 7 in Axes
  1817 | D:3      | Reached XP level 5. HP: 42/45 MP: 4/4
  1859 | D:3      | Noticed Robin
  1863 | D:3      | Killed Robin
  1865 | D:3      | Reached *** piety under Trog
  2007 | D:3      | Noticed Terence
  2015 | D:3      | Killed Terence
  2370 | D:3      | Noticed Ijyb
  2384 | D:3      | Killed Ijyb
  2441 | D:3      | Killed Sigmund
  2441 | D:3      | Reached skill level 9 in Axes
  2441 | D:3      | Reached XP level 6. HP: 51/51 MP: 5/5
  2762 | D:4      | Noticed an ice beast
  2771 | D:4      | Killed an ice beast
  2771 | D:4      | Reached XP level 7. HP: 47/57 MP: 6/6
  2900 | D:4      | Reached skill level 10 in Axes
  2916 | D:4      | Found an oddly glowing altar of Pakellas.
  2928 | D:4      | Received a gift from Trog
  3358 | D:5      | Entered Level 5 of the Dungeon
  3375 | D:5      | Found a staircase to the Ecumenical Temple.
  3439 | D:5      | Reached skill level 11 in Axes
  3659 | D:5      | Noticed Grinder
  3671 | D:5      | Killed Grinder
  3671 | D:5      | Reached XP level 8. HP: 64/64 MP: 7/7
  4176 | D:5      | Reached skill level 12 in Axes
  4180 | D:5      | Found a burning altar of Makhleb.
  4484 | D:6      | Found Cilioth's Assorted Antiques.
  5071 | D:6      | Found a basalt altar of Yredelemnul.
  5159 | D:7      | Found Roleroef's Gadget Emporium.
  5165 | D:7      | Found Udokadij's Antique Armour Boutique.
  5323 | D:7      | Found a stormy altar of Qazlal.
  5426 | D:7      | Quit the game

Skill      XL: |  1  2  3  4  5  6  7  8 |
---------------+-------------------------+-----
Axes           | 4 5 7 9 11 12 | 12.9
Fighting       | |  3.6
Armour         | |  2.4
Dodging        | |  2.1

Action                   |  1- 3 |  4- 6 |  7- 9 || total
-------------------------+-------+-------+-------++-------
Melee: Hand axe          |    69 |   107 |   118 ||   294
       Headbutt          |     9 |    18 |    29 ||    56
Invok: Berserk           |       |     1 |     2 ||     3
  Use: Scroll            |     1 |     1 |       ||     2
  Eat: Chunk             |     1 |     5 |     7 ||    13
       Bread ration      |       |       |     1 ||     1
       Beef jerky        |       |       |     1 ||     1
Armor: Animal skin       |     9 |     6 |       ||    15
       Scale mail        |       |     9 |    27 ||    36
       Chain mail        |       |       |    16 ||    16
Dodge: Dodged            |    43 |    72 |    47 ||   162
